 Dungeon Crawl Stone Soup version 0.25.1-2-g60ff931df9 (webtiles) character file.

Game seed: 13385661716363450687

144696 Curus the Fencer (level 17, -2/130 HPs)
             Began as a Hill Orc Berserker on Aug 1, 2020.
             Was the Champion of Trog.
             Killed by divine providence
             ... invoked by an orc priest
             ... led by Saint Roka
              (8 damage)
             ... on level 2 of the Snake Pit on Aug 2, 2020.
             The game lasted 02:59:12 (32754 turns).

Curus the Fencer (Hill Orc Berserker)              Turns: 32754, Time: 02:59:14

Health: -2/130     AC: 34    Str: 22      XL:     17   Next: 40%
Magic:  22/22      EV:  8    Int:  8 (9)  God:    Trog [******]
Gold:   2129       SH:  0    Dex: 15      Spells: 16/16 levels left

rFire    + + .     SeeInvis +   x - +2 triple sword (flame)
rCold    . . .     Gourm    .   (shield currently unavailable)
rNeg     . . .     Faith    .   f - +4 plate armour
rPois    +         Spirit   .   k - +1 helmet
rElec    .         Reflect  .   o - +2 cloak
rCorr    .         Harm     .   G - +1 pair of gloves {Str+3}
MR       ++++.     Clarity  +   i - +0 pair of boots
Stlth    ..........             T - amulet "Kapt" {rPois rF+ Regen+ Str-3 Int+2}
HPRegen  1.71/turn              u - ring of protection from fire
MPRegen  0.18/turn              s - ring of see invisible

@: lethally poisoned (-2 -> -2), regenerating
A: hooves 2, iridescent scales 1, clarity, deterioration 1, frail 2, magic
resistance 1
a: Berserk, Trog's Hand, Brothers in Arms, Renounce Religion, Convert to Beogh


You were on level 2 of the Snake Pit.
You worshipped Trog.
Trog was exalted by your worship.
You were not hungry.

You visited 5 branches of the dungeon, and saw 28 of its levels.
You also visited: Ice Cave.

You collected 2822 gold pieces.
You spent 693 gold pieces at shops.

Inventory:

Hand Weapons
 x - a +2 triple sword of flaming (weapon)
Armour
 f - a +4 plate armour (worn)
 i - a +0 pair of boots (worn)
 k - a +1 helmet (worn)
 o - a +2 cloak (worn)
 G - a +1 pair of gloves of strength (worn)
 I - the +7 kite shield "Qeegil" {rPois Dex+2 SInv}
   (You took it off Donald on level 1 of the Snake Pit)

   It affects your dexterity (+2).
   It protects you from poison.
   It lets you see invisible.
 L - a +0 helmet
Jewellery
 b - an uncursed ring of protection from magic
 l - the ring of the Priest {rPois rF+ rC+++ rN+ Slay-6}
   (You found it on level 1 of the Swamp)

   [ring of protection from fire]

   It affects your accuracy and damage with ranged weapons and melee attacks
   (-6).
   It protects you from fire.
   It renders you almost immune to cold.
   It protects you from poison.
   It protects you from negative energy.
 q - the amulet of Ikipti {Reflect Dex+6 SH+5 Stlth+}
   (You found it on level 1 of the Swamp)

   [amulet of reflection]

   It shields you and reflects attacks.
   It affects your dexterity (+6).
   It affects your SH (+5).
   It makes you more stealthy.
 s - a ring of see invisible (right hand)
 u - a ring of protection from fire (left hand)
 y - the ring of Fazulaot {rPois rF- rC+ rN+ EV+4}
   (You found it on level 1 of the Swamp)

   [ring of evasion]

   It affects your evasion (+4).
   It makes you vulnerable to fire.
   It protects you from cold.
   It protects you from poison.
   It protects you from negative energy.
 B - an uncursed ring of attention
 C - an uncursed ring of wizardry
 E - a +6 ring of dexterity
 N - the amulet of Vureumuh {Spirit rC+ MP+9 Dex+3}
   (You found it on level 4 of the Lair of Beasts)

   [amulet of guardian spirit]

   It causes incoming damage to be split between your health and magic.
   It affects your dexterity (+3).
   It protects you from cold.
   It affects your magic capacity (+9).
 Q - an uncursed ring of resist corrosion
 R - an uncursed ring of protection from cold
 T - the amulet "Kapt" (around neck) {rPois rF+ Regen+ Str-3 Int+2}
   (You acquired it in an ice cave)

   [amulet of regeneration]

   It affects your strength (-3).
   It affects your intelligence (+2).
   It protects you from fire.
   It protects you from poison.
   It increases your rate of regeneration.
 U - an uncursed ring of protection from cold
 Y - a +4 ring of protection
Wands
 h - a wand of digging (6)
 n - a wand of flame (55)
 p - a wand of random effects (36)
 w - a wand of paralysis (26)
 D - a wand of enslavement (13)
 S - a wand of acid (4)
 V - a wand of disintegration (26)
 W - a wand of clouds (4)
Scrolls
 d - 13 scrolls of teleportation
 e - 15 scrolls of identify
 g - 14 scrolls of remove curse
 j - a scroll of summoning
 m - 4 scrolls of magic mapping
 r - 5 scrolls of fear
 t - 5 scrolls of fog
 F - a scroll of blinking
 J - 2 scrolls of enchant weapon
Potions
 a - a potion of resistance
 v - 15 potions of curing
 z - 3 potions of heal wounds
 A - 4 potions of flight
 H - 3 potions of might
 M - 4 potions of haste
 O - 3 potions of stabbing
 P - a potion of cancellation
 X - 4 potions of berserk rage
 Z - a potion of invisibility
Comestibles
 c - 32 rations


   Skills:
 - Level 18.1 Fighting
 + Level 20.4 Long Blades
 - Level 16.6 Armour
 - Level 1.5 Dodging
 - Level 7.6 Evocations


You had 16 spell levels left.
You didn't know any spells.
Your spell library was empty.

Dungeon Overview and Level Annotations

Branches:
Dungeon (15/15)            Temple (0/1) D:7            Lair (6/6) D:10
  Swamp (3/4) Lair:2        Snake (2/4) Lair:2        Slime (0/5) Lair:6
    Orc (2/2) D:9             Elf (0/3) Orc:2        Vaults (0/5) D:13
 Depths (0/5) D:15          IceCv (visited)

Altars:
Fedhas
Nemelex Xobeh
Qazlal
Ru
Sif Muna
Trog
Vehumet
Yredelemnul
Zin
The Shining One

Shops:
D:6 =   Orc:2 }![:

Annotations:
D:13 8 runed translucent doors
Snake:2 Saint Roka


Innate Abilities, Weirdness & Mutations

You have hoof-like feet.
You are partially covered in iridescent scales. (AC +2)
You possess an exceptional clarity of mind.
Your body sometimes deteriorates upon taking damage.
You are very frail. (-20% HP)
You are resistant to hostile enchantments. (MR+)


Message History

* * * LOW HITPOINT WARNING * * *
An orc comes into view.
Your skin crawls.
You feel resistant to hostile enchantments.
You feel quite a bit more hungry.
You feel sick.
Saint Roka roars a battlecry!
The orcs go into a battle-frenzy!
The orc barely misses you.
A troll comes into view.
You slice the orc!! You burn the orc.
You kill the orc!
Trog accepts your kill.
An orc priest comes into view.
You feel sick.
Saint Roka mumbles some strange prayers to Beogh against you.
Beogh smites you!
* * * LOW HITPOINT WARNING * * *
The orc priest calls down the wrath of Beogh upon you.
Beogh smites you!
You die...

# ##### #.. #...###
#...########..(..####
#.........)@†..o....##
#...#########.O..o...#
## ##o..T...####
#####o.....#... # .
##..).....# .##### ..
#........... ....##...
#...####.... .........
#...# ##. #........
....##


You could see Saint Roka, a troll, an orc warrior (strong), an ogre, an orc
priest (strong) and an orc (strong).

Vanquished Creatures
  A tentacled monstrosity (Swamp:2)
  The ghost of Ithrutae the Blocker, an adept FoFi of Jiyva (Swamp:2)
  Frances (D:14)
  3 thorn hunters (Swamp:3)
  Kirke (D:12)
  Donald (Snake:1)
  A frost giant (IceCv)
  An orc warlord (Orc:1)
  Louise (D:14)
  An emperor scorpion (D:15)
  A stone giant (Orc:2)
  Nessos (D:14)
  A very ugly thing (Swamp:3)
  A dire elephant (D:15)
  The ghost of Debrof the Severer, a journeyman MiBe of Trog (Lair:5)
  Snorg (Lair:6)
  Josephine (D:15)
  7 hydras
  5 catoblepae
  3 naga warriors
  A shambling mangrove (Swamp:3)
  Erolcha (D:9)
  5 centaur warriors
  3 alligators
  2 dancing weapons (D:13)
  14 two-headed ogres
  An anaconda (Snake:2)
  2 ogre magi (Orc:2)
  3 death yaks (Lair:4)
  A tengu warrior (D:15)
  Urug (Lair:1)
  A shock serpent (Snake:1)
  2 spriggan druids
  A flayed ghost (D:11)
  An unseen horror (D:15)
  2 lindwurms (Lair:6)
  A wizard (D:15)
  2 deep trolls (Orc:2)
  A harpy (shapeshifter) (D:13)
  A spectral hydra (Lair:5)
  10 ugly things
  An orc sorcerer (Orc:2)
  5 cyclopes
  6 elephants (Lair:6)
  2 salamanders
  3 torpor snails (Lair:6)
  2 guardian serpents (Snake:2)
  4 manticores
  A naga mage (Snake:2)
  7 black mambas
  An ice statue (IceCv)
  An eye of devastation (Lair:6)
  17 spiny frogs
  2 gargoyles
  14 komodo dragons
  A kobold demonologist (D:12)
  2 efreet (D:14)
  7 rime drakes
  A tengu conjurer (D:15)
  9 trolls
  23 polar bears
  20 slime creatures
  4 hornets
  12 tyrant leeches
  4 bog bodies
  5 blink frogs (Lair:6)
  14 hippogriffs
  A hippogriff (shapeshifter) (D:13)
  2 spectral black mambas (Lair:5)
  5 shadows
  2 spriggans
  2 wyverns (D:10)
  45 yaks
  3 vampires
  3 fire bats (Lair:4)
  3 wraiths (D:15)
  4 basilisks
  3 hogs
  11 vampire mosquitoes
  2 hungry ghosts
  17 swamp worms
  Menkaure (D:7)
  9 insubstantial wisps
  3 wargs
  5 nagas
  3 acid dragons
  A soldier ant (D:14)
  8 porcupines
  Duvessa (D:5)
  12 water moccasins
  26 orc warriors
  3 phantoms
  11 swamp drakes
  5 ice beasts
  3 sky beasts
  A necrophage (D:10)
  25 ogres
  An eye of draining (Lair:6)
  27 wolves
  6 centaurs
  3 big kobolds
  17 crocodiles
  A wyvern zombie (D:9)
  22 bullfrogs
  Dowan (D:5)
  4 scorpions
  A dream sheep simulacrum (Lair:5)
  9 killer bees
  7 wights
  5 howler monkeys
  2 electric eels (Lair:1)
  7 crimson imps
  7 centaur zombies
  5 hounds
  3 jellies
  A gnoll shaman (D:6)
  3 quasits
  2 bullfrog skeletons
  15 orc priests
  Crazy Yiuf (D:5)
  19 orc wizards
  4 centaur skeletons
  An iguana (D:9)
  7 hell rats (Lair:3)
  15 worker ants
  A hound zombie (D:5)
  2 hound skeletons
  A worker ant zombie (D:10)
  5 gnolls (D:6)
  A howler monkey skeleton (D:5)
  7 adders
  5 shadow imps
  An adder zombie (D:8)
  An adder skeleton (D:8)
  2 worms
  2 dart slugs
  6 leopard geckos
  91 orcs
  4 giant cockroaches
  5 goblins
  6 hobgoblins
  5 jackals
  5 quokkas
  A ball python (D:7)
  8 bats
  3 frilled lizards
  A jackal skeleton (D:8)
  15 kobolds
  3 rats
  4 briar patches (Swamp:3)
859 creatures vanquished.

Vanquished Creatures (collateral kills)
  A hydra (Swamp:1)
  An alligator (Swamp:1)
2 creatures vanquished.

Vanquished Creatures (others)
  A spectral death yak (Lair:5)
  A slime creature (Swamp:3)
  A swamp worm (Swamp:3)
  An orc warrior (Snake:2)
  A hell rat (Lair:6)
  8 fungi
  10 plants
23 creatures vanquished.

Grand Total: 884 creatures vanquished

Notes
Turn   | Place    | Note
-------+----------+-------------------------------------------
     0 | D:1      | Curus the Hill Orc Berserker began the quest for the Orb.
     0 | D:1      | Reached XP level 1. HP: 19/19 MP: 1/1
   741 | D:1      | Reached XP level 2. HP: 26/26 MP: 2/2
   762 | D:1      | Reached skill level 4 in Long Blades
  1116 | D:2      | Reached XP level 3. HP: 31/31 MP: 3/3
  1658 | D:2      | Found a basalt altar of Yredelemnul.
  1780 | D:2      | Found a shimmering blue altar of Sif Muna.
  1984 | D:3      | Reached skill level 5 in Long Blades
  2157 | D:3      | Reached XP level 4. HP: 39/39 MP: 4/4
  2569 | D:4      | Reached ** piety under Trog
  2623 | D:4      | Found a glowing golden altar of the Shining One.
  2641 | D:4      | Found a glowing silver altar of Zin.
  2855 | D:4      | Found a blossoming altar of Fedhas.
  3022 | D:4      | Reached skill level 6 in Long Blades
  3211 | D:4      | Reached XP level 5. HP: 44/45 MP: 5/5
  3258 | D:5      | Entered Level 5 of the Dungeon
  3258 | D:5      | Found a sparkling altar of Nemelex Xobeh.
  3258 | D:5      | Noticed a water moccasin
  3269 | D:5      | Killed a water moccasin
  3269 | D:5      | Reached skill level 7 in Long Blades
  3273 | D:5      | Reached XP level 6. HP: 20/51 MP: 6/6
  3558 | D:5      | Reached skill level 8 in Long Blades
  3785 | D:5      | Noticed Duvessa
  3785 | D:5      | Noticed Dowan
  3798 | D:5      | Killed Duvessa
  3798 | D:5      | Reached XP level 7. HP: 37/57 MP: 7/7
  3805 | D:5      | Killed Dowan
  3805 | D:5      | Reached skill level 9 in Long Blades
  3975 | D:5      | Gained mutation: You possess an exceptional clarity of
                  | mind. [potion of mutation]
  3975 | D:5      | Gained mutation: You have large cloven feet. [potion of
                  | mutation]
  4382 | D:5      | Found a runed translucent door.
  4383 | D:5      | Noticed Crazy Yiuf
  4537 | D:5      | Killed Crazy Yiuf
  4587 | D:6      | Noticed a hippogriff
  4602 | D:6      | Killed a hippogriff
  4823 | D:6      | Reached skill level 10 in Long Blades
  4827 | D:6      | Reached XP level 8. HP: 61/64 MP: 8/8
  4879 | D:6      | Reached *** piety under Trog
  5320 | D:6      | Found a sparkling altar of Nemelex Xobeh.
  5324 | D:6      | Reached skill level 11 in Long Blades
  5642 | D:6      | Found a stormy altar of Qazlal.
  5691 | D:6      | Found a bloodstained altar of Trog.
  5765 | D:6      | Reached skill level 12 in Long Blades
  5999 | D:6      | Found Icku's Jewellery Shop.
  6002 | D:6      | Bought a cursed ring of teleportation for 54 gold pieces
  6002 | D:6      | Bought an uncursed ring of see invisible for 180 gold
                  | pieces
  6518 | D:7      | Reached XP level 9. HP: 70/70 MP: 9/9
  6564 | D:7      | Found a staircase to the Ecumenical Temple.
  6665 | D:7      | Noticed Menkaure
  6674 | D:7      | Killed Menkaure
  6694 | D:7      | Reached skill level 13 in Long Blades
  6818 | D:7      | Reached **** piety under Trog
  7212 | D:8      | Noticed a two-headed ogre
  7421 | D:8      | Noticed a two-headed ogre
  7430 | D:8      | Killed a two-headed ogre
  7430 | D:8      | Reached skill level 14 in Long Blades
  7430 | D:8      | Reached XP level 10. HP: 77/77 MP: 10/10
  7441 | D:8      | Got a smoking bronze ring
  7460 | D:8      | Identified the ring "Juriloth" {Dex+2 Stlth-} (You found it
                  | on level 8 of the Dungeon)
  7747 | D:8      | Reached skill level 15 in Long Blades
  8089 | D:8      | HP: 1/77 [two-headed ogre/cursed -1 giant club (22)]
  8092 | D:8      | Killed a two-headed ogre
  8580 | D:8      | Reached skill level 16 in Long Blades
  8913 | D:9      | Noticed Erolcha
  8917 | D:9      | Killed Erolcha
  8971 | D:9      | Reached XP level 11. HP: 72/82 MP: 11/11
  9043 | D:9      | Found a stormy altar of Qazlal.
  9189 | D:9      | Found a radiant altar of Vehumet.
  9260 | D:9      | Reached skill level 17 in Long Blades
  9347 | D:9      | Found a staircase to the Orcish Mines.
  9593 | D:10     | Entered Level 10 of the Dungeon
  9665 | D:10     | Reached ***** piety under Trog
 10737 | D:10     | Found a staircase to the Lair.
 10750 | Lair:1   | Entered Level 1 of the Lair of Beasts
 11067 | Lair:1   | Reached skill level 5 in Fighting
 11460 | Lair:1   | Received a gift from Trog
 11599 | Lair:1   | Reached skill level 5 in Armour
 12020 | Lair:1   | Noticed Urug
 12036 | Lair:1   | Killed Urug
 12154 | Lair:2   | Reached XP level 12. HP: 91/100 MP: 12/12
 12557 | Lair:2   | Found a sacrificial altar of Ru.
 12654 | Lair:2   | Noticed a seven-headed hydra
 12970 | Lair:2   | Found a staircase to the Snake Pit.
 13072 | Lair:2   | Noticed a five-headed hydra
 13079 | Lair:2   | Killed a one-headed hydra
 13147 | Lair:2   | Killed a two-headed hydra
 13332 | Lair:2   | Found a staircase to the Swamp.
 14062 | Lair:3   | Reached skill level 10 in Fighting
 14884 | Lair:4   | Noticed a death yak
 14885 | Lair:4   | Noticed a death yak
 14885 | Lair:4   | Noticed a death yak
 14895 | Lair:4   | Killed a death yak
 14898 | Lair:4   | Killed a death yak
 14902 | Lair:4   | Killed a death yak
 14902 | Lair:4   | Reached skill level 10 in Armour
 14902 | Lair:4   | Reached XP level 13. HP: 116/116 MP: 13/13
 15421 | Lair:4   | Got a faintly glowing ruby amulet
 15684 | Lair:4   | Identified the amulet of Vureumuh {Spirit rC+ MP+9 Dex+3}
                  | (You found it on level 4 of the Lair of Beasts)
 15817 | Lair:5   | You fall into a shaft and drop 1 floor!
 15817 | Lair:6   | Entered Level 6 of the Lair of Beasts
 15874 | Lair:5   | Found a frozen archway.
 15883 | IceCv    | Entered an ice cave
 16526 | IceCv    | Identified a scroll of acquirement
 16526 | IceCv    | Acquired the amulet "Kapt" {rPois rF+ Regen+ Str-3 Int+2}
 16842 | IceCv    | Reached ****** piety under Trog
 16937 | IceCv    | Noticed a frost giant
 16947 | IceCv    | Killed a frost giant
 17696 | Lair:5   | Found a runed translucent gate.
 17696 | Lair:5   | Found a runed translucent gate.
 17696 | Lair:5   | Found a runed translucent gate.
 17820 | Lair:5   | Noticed Debrof's ghost (journeyman MiBe)
 18085 | Lair:5   | Received a gift from Trog
 18204 | Lair:5   | Killed Debrof's ghost
 18213 | Lair:5   | Reached XP level 14. HP: 13/130 MP: 14/14
 18656 | Lair:6   | Noticed Snorg
 18670 | Lair:6   | Killed Snorg
 18765 | Lair:6   | Found a staircase to the Slime Pits.
 19314 | Lair:6   | Reached skill level 15 in Fighting
 20146 | D:10     | Received a gift from Trog
 20477 | Orc:1    | Entered Level 1 of the Orcish Mines
 20665 | Orc:1    | Reached skill level 1 in Evocations
 20889 | Orc:2    | Entered Level 2 of the Orcish Mines
 20924 | Orc:2    | Found Olleec's Antique Armour Emporium.
 20943 | Orc:2    | Reached skill level 18 in Long Blades
 21185 | Orc:2    | Noticed a stone giant
 21197 | Orc:2    | Killed a stone giant
 21205 | Orc:2    | Found a staircase to the Elven Halls.
 21261 | Orc:1    | Noticed an orc warlord
 21275 | Orc:1    | Killed an orc warlord
 21275 | Orc:1    | Reached XP level 15. HP: 95/141 MP: 17/17
 21860 | Orc:2    | Reached skill level 5 in Evocations
 22270 | Orc:2    | Found Unuly's Book Shoppe.
 22321 | Orc:2    | Found Duariash's Distillery.
 22324 | Orc:2    | Bought a pair of embroidered gloves for 255 gold pieces
 22350 | Orc:2    | Found Juodwegi's Gadget Shoppe.
 22353 | Orc:2    | Bought a potion of heal wounds for 85 gold pieces
 22353 | Orc:2    | Bought a potion of curing for 51 gold pieces
 22353 | Orc:2    | Bought a potion of might for 68 gold pieces
 22839 | D:11     | Received a gift from Trog
 23288 | D:11     | Reached skill level 19 in Long Blades
 23542 | D:12     | Noticed Kirke
 23912 | D:12     | Killed Kirke
 24441 | D:12     | Received a gift from Trog
 24794 | D:13     | Found a gate to the Vaults.
 25016 | D:13     | Found a glowing golden altar of the Shining One.
 25146 | D:13     | Found a large runed translucent door.
 25147 | D:13     | Found a large runed translucent door.
 25150 | D:13     | Found a large runed translucent door.
 25151 | D:13     | Found a large runed translucent door.
 25186 | D:13     | Found a large runed translucent door.
 25187 | D:13     | Found a large runed translucent door.
 25189 | D:13     | Noticed a storm dragon
 25585 | D:13     | Found a large runed translucent door.
 25934 | D:13     | Found a large runed translucent door.
 25964 | D:14     | Reached skill level 20 in Long Blades
 25976 | D:14     | Reached XP level 16. HP: 108/149 MP: 21/21
 26186 | D:14     | Noticed Louise
 26192 | D:14     | Noticed Nessos
 26209 | D:14     | Killed Louise
 26216 | D:14     | Killed Nessos
 26222 | D:14     | Noticed Frances
 26230 | D:14     | Killed Frances
 26432 | D:14     | Received a gift from Trog
 26731 | D:15     | Entered Level 15 of the Dungeon
 26837 | D:15     | Got an ichor-stained long sword
 26998 | D:15     | Reached skill level 15 in Armour
 27058 | D:15     | Noticed Josephine
 27068 | D:15     | Killed Josephine
 27417 | D:15     | Found a staircase to the Depths.
 27972 | Lair:1   | Identified the +6 long sword "Hion" {protect, +Blink Dex+3
                  | SInv} (You found it on level 15 of the Dungeon)
 28046 | Swamp:1  | Entered Level 1 of the Swamp
 28418 | Swamp:1  | Found a transporter.
 29050 | Swamp:2  | Noticed a tentacled monstrosity
 29055 | Swamp:2  | Killed a tentacled monstrosity
 29175 | Swamp:2  | Found a runed translucent door.
 29189 | Swamp:2  | Noticed Ithrutae's ghost (adept FoFi)
 30154 | Swamp:3  | Noticed a thorn hunter
 30169 | Swamp:3  | Killed a thorn hunter
 30169 | Swamp:3  | Reached XP level 17. HP: 98/162 MP: 22/22
 30646 | Swamp:3  | Received a gift from Trog
 30860 | Swamp:3  | Paralysed by a hornet for 2 turns
 31283 | Swamp:2  | Killed Ithrutae's ghost
 31376 | Swamp:1  | Gained mutation: You have hoof-like feet. [mutagenic glow]
 31406 | Swamp:1  | Gained mutation: You are partially covered in iridescent
                  | scales. (AC +2) [mutagenic glow]
 31447 | Swamp:1  | Gained mutation: You are resistant to hostile enchantments.
                  | (MR+) [mutagenic glow]
 31488 | Swamp:1  | Gained mutation: You are frail. (-10% HP) [mutagenic glow]
 31516 | Swamp:1  | Found a transporter.
 31519 | Swamp:1  | Got a shimmering bone ring
 31523 | Swamp:1  | Got a twitching silver amulet
 31536 | Swamp:1  | Got a glittering golden ring
 31538 | Swamp:1  | Identified the ring of the Priest {rPois rF+ rC+++ rN+
                  | Slay-6} (You found it on level 1 of the Swamp)
 31539 | Swamp:1  | Gained mutation: You are very frail. (-20% HP) [mutagenic
                  | glow]
 31540 | Swamp:1  | Identified the ring of Fazulaot {rPois rF- rC+ rN+ EV+4}
                  | (You found it on level 1 of the Swamp)
 31606 | Snake:1  | Entered Level 1 of the Snake Pit
 31671 | Snake:1  | Gained mutation: Your body sometimes deteriorates upon
                  | taking damage. [mutagenic glow]
 32340 | Snake:1  | Identified the amulet of Ikipti {Reflect Dex+6 SH+5 Stlth+}
                  | (You found it on level 1 of the Swamp)
 32346 | Snake:2  | Identified the +7 kite shield "Qeegil" {rPois Dex+2 SInv}
 32346 | Snake:2  | Noticed Donald
 32367 | Snake:1  | Killed Donald
 32729 | Snake:2  | Noticed Saint Roka
 32754 | Snake:2  | HP: 6/130 [Saint Roka/divine providence (15)]
 32754 | Snake:2  | Killed from afar by an orc priest

Illustrated notes

Levels and vault maps discovered:
D:1:      wander_arrival_desolate, layout_basic
D:2:      layout_loops_corners, nicolae_overflow_hidden_temple,
          lemuel_blue_sif_altar
D:3:      layout_basic
D:4:      layout_cave_pools, kennysheep_little_box, kennysheep_mini_moat,
          zin_treasury, first_ration, kennysheep_another_room,
          due_unseen_surprise
D:5:      layout_rooms, lemuel_altar_in_water, uniq_duvessa,
          uniq_crazy_yiuf_cottage
D:6:      layout_basic, nicolae_qazlal_eye_of_the_storm, basic_altar,
          serial_shops, nicolae_shop_behind_doors, cheibrodos_sewer_entry_bend,
          st_stairs_3, hex_medium, trog_book
D:7:      layout_basic, minmay_temple_entry_large_hall, the_bakery,
          minmay_misc_feat_four_crosses, uniq_menkaure
D:8:      layout_cave_pools
D:9:      layout_rooms, lemuel_doored_altar, erik_orc_3, basic_altar,
          uniq_erolcha
D:10:     layout_cave_pools, erik_lair_dragon
D:11:     layout_loops_corners, hangedman_decor_peaks_small,
          kennysheep_just_a_vault
D:12:     layout_stronghold, gauntlet_entry_generic, uniq_kirke
D:13:     minmay_five_octagons, layout_basic, erik_vaults_1, basic_altar
D:14:     nicolae_whirlpool, layout_cave_pools, skrybe_limestone_x, uniq_nessos,
          uniq_frances, uniq_louise
D:15:     hangedman_depths_entry_try_elsewhere_first, layout_long_grid,
          hangedman_decor_growths, uniq_josephine
Lair:1:   wander_river, layout_regular_city, dpeg_stationary_puzzle,
          lemuel_fruit_fields, uniq_urug
Lair:2:   layout_cave_pods, palyth_hydra_swamp_entry,
          guppyfry_snake_entry_island, basic_altar
Lair:3:   layout_cave_shapes, cheibrodos_lair_lostbears
Lair:4:   layout_gridlike, nicolae_volcano_entry_batcave, beast_lair_carwin_2
Lair:5:   layout_loops_ring, portal_ice_cave_rime, gammafunk_ghost_necromancy
Lair:6:   hangedman_lair_in_review, layout_regular_city,
          minmay_slime_entry_eyes, grunt_forest_small_clearing_treed, uniq_snorg
Swamp:1:  gammafunk_its_a_trap, layout_basic_swamp, serial_swamp_ruin,
          evilmike_swamp_ruin_house_4, evilmike_swamp_ruin_house_3,
          evilmike_swamp_ruin_rubble_1, swamp_pool5
Swamp:2:  layout_falls_marsh, ebering_ghost_reflecting_pool,
          hangedman_swamp_ruin_wall, swamp_pool4, cheibrodos_swamp_pet_leeches
Swamp:3:  layout_falls_marsh, evilmike_swamp_ruin_house_5, swamp_pool2,
          nicolae_swamp_dense_foliage
Snake:1:  layout_grid_maze
Snake:2:  layout_misc_corridors, uniq_donald, uniq_saint_roka
Orc:1:    layout_caves
Orc:2:    st_orc_open, layout_diamond_mine

Skill      XL: |  1  2  3  4  5  6  7  8  9 10 11 12 13 14 15 16 17 |
---------------+----------------------------------------------------+-----
Long Blades    | 4 5 6 7 8 10 12 14 16 17 18 20 | 20.4
Fighting       | 7 11 13 15 17 18 | 18.1
Armour         | 6 10 12 14 16 | 16.6
Evocations     | 3 7 |  7.6
Dodging        | |  1.5

Action                   |  1- 3 |  4- 6 |  7- 9 | 10-12 | 13-15 | 16-18 || total
-------------------------+-------+-------+-------+-------+-------+-------++-------
Melee: Falchion          |   102 |     1 |       |       |       |       ||   103
       Great sword       |       |    94 |   225 |   499 |  1061 |   519 ||  2398
       Kick              |       |       |    61 |   190 |   432 |   232 ||   915
       Unarmed           |       |       |       |       |    11 |       ||    11
       Triple sword      |       |       |       |       |       |   132 ||   132
Invok: Trog's Hand       |       |     1 |       |       |     1 |     2 ||     4
       Berserk           |       |     1 |     4 |    10 |     5 |     2 ||    22
       Brothers in Arms  |       |       |       |       |       |     1 ||     1
Evoke: Wand              |       |       |     1 |     3 |     1 |     1 ||     6
  Use: Potion            |     4 |     3 |     3 |     2 |     4 |     2 ||    18
       Scroll            |     6 |     2 |     6 |     6 |     7 |     5 ||    32
 Stab: Petrified         |       |       |       |       |    11 |       ||    11
       Petrifying        |       |       |       |       |     3 |       ||     3
       Invisible         |       |       |       |       |     7 |       ||     7
  Eat: Chunk             |     4 |     6 |     8 |    23 |    30 |    13 ||    84
       Ration            |       |       |     2 |     3 |     4 |     4 ||    13
Armor: Plate armour      |    68 |   100 |   230 |   377 |   972 |   468 ||  2215
       Animal skin       |     3 |       |       |       |       |       ||     3
Dodge: Dodged            |    45 |    41 |   101 |   189 |   399 |   215 ||   990
       Rpst.: Falchion   |    14 |       |       |       |       |       ||    14
       Great sword       |       |    10 |    28 |    44 |    85 |    31 ||   198
       Triple sword      |       |       |       |       |       |    19 ||    19
